Map: Gresvan LE

Players

IIIIIIIIIII - Winner!

  • Race: Protoss Protoss
  • League: Gold
  • Spawn Location: 11:00

MattBarry

  • Race: Zerg Zerg
  • League: Gold
  • Spawn Location: 5:00

VOD

Have the link to the VOD?

Description

Time

  • Played on: Feb. 11, 2023, 1:52 p.m.
  • Length: 11:47
Show
View Real Time Build Order
Export as new Build Order

IIIIIIIIIII Protoss - Winner!

Build Orders: Proxy Void Ray 

Get SALT Encoding   

  12  0:10  Pylon  
  12  0:13  Probe (Chrono Boost)  
  13  0:22  Probe (Chrono Boost)  
  14  0:32  Gateway  
  14  0:35  Probe  
  15  0:42  Assimilator  
  15  0:47  Probe  
  16  0:59  Probe (Chrono Boost)  
  17  1:04  Pylon  
  18  1:11  Probe (Chrono Boost)  
  18  1:18  Probe (Chrono Boost)  
  19  1:22  Cybernetics Core  
  19  1:26  Probe  
  20  1:33  Assimilator  
  20  1:38  Probe  
  21  1:50  Probe  
  22  2:02  Shield Battery, Probe  
  22  2:04  Shield Battery  
  23  2:08  Stargate  
  23  2:11  Pylon  
  23  2:14  Probe  
  24  2:40  Nexus  
  28  2:58  Void Ray (Chrono Boost)  
  28  3:04  Probe  
  29  3:16  Probe  
  29  3:17  Protoss Air Weapons Level 1  
  30  3:29  Assimilator  
  34  3:34  Pylon, Void Ray  
  34  3:43  Probe (Chrono Boost)  
  35  3:54  Probe (Chrono Boost)  
  36  3:58  Probe (Chrono Boost)  
  37  4:10  Probe  
  37  4:16  Stargate  
  42  4:17  Void Ray  
  42  4:18  Probe (Chrono Boost)  
  42  4:22  Assimilator  
  43  4:26  Probe (Chrono Boost)  
  45  4:35  Probe (Chrono Boost)  
  45  4:40  Shield Battery  
  45  4:41  Shield Battery  
  45  4:43  Pylon  
  49  5:01  Void Ray  
  49  5:06  Pylon  
  53  5:07  Void Ray  
  61  6:01  Void Ray x2  
  61  6:16  Pylon  
  61  6:20  Pylon, Probe (Chrono Boost)  
  61  6:23  Gateway  
  62  6:30  Probe (Chrono Boost)  
  63  6:57  Probe  
  63  7:01  Void Ray x2  
  72  7:03  Gateway  
  72  7:04  Twilight Council  
  72  7:05  Pylon  
  72  7:12  Pylon  
  80  7:45  Void Ray x2  
  71  8:26  Pylon  
  79  8:28  Pylon, Void Ray x2  
  79  8:38  Nexus  
  87  9:15  Void Ray x2  
  87  9:23  Warp Gate (Chrono Boost)  
  87  9:27  Gateway  
  87  9:29  Charge  
  87  9:49  Gateway  
  95  9:58  Void Ray x2  
  95  9:59  Probe  
  96  10:00  Stargate  
  96  10:11  Probe  
  96  10:12  Nexus  
  96  10:13  Fleet Beacon  
  97  10:23  Probe  
  98  10:35  Probe  
  99  10:48  Probe  
  100  10:52  Gateway  
  100  11:23  Nexus, Probe (Chrono Boost)  
  101  11:26  Stalker x2  
  101  11:27  Stalker x3  
  112  11:32  Probe (Chrono Boost)  
  112  11:34  Pylon  
  113  11:43  Nexus  
Show
View Real Time Build Order
Export as new Build Order

MattBarry Zerg 

Build Orders: Hatch First 

Get SALT Encoding   

  12  0:00  Drone  
  13  0:12  Overlord  
  13  0:17  Drone  
  14  0:30  Drone x2  
  16  0:43  Drone  
  17  0:55  Hatchery  
  16  1:02  Drone x2  
  18  1:09  Extractor  
  17  1:18  Spawning Pool  
  16  1:24  Drone x2  
  18  1:42  Drone x2  
  20  2:08  Queen x2  
  20  2:10  Zergling x6  
  27  2:16  Metabolic Boost  
  27  2:24  Drone  
  27  2:26  Overlord x2  
  28  2:51  Evolution Chamber  
  27  3:04  Drone  
  27  3:05  Drone x2  
  30  3:12  Lair  
  30  3:26  Roach Warren  
  29  3:54  Extractor  
  28  3:56  Drone x4, Extractor  
  28  3:57  Extractor  
  30  4:06  Roach x5  
  39  4:32  Drone  
  39  4:33  Drone x4  
  44  4:45  Overlord x3  
  44  4:46  Overlord x2  
  44  5:03  Queen  
  44  5:04  Queen  
  48  5:09  Spore Crawler  
  48  5:12  Spore Crawler  
  46  5:15  Hydralisk Den  
  45  5:21  Spore Crawler  
  45  5:23  Spore Crawler  
  45  5:26  Spore Crawler x2  
  45  5:28  Spore Crawler  
  38  5:39  Queen x2  
  35  5:51  Drone  
  35  5:52  Drone x3  
  39  5:57  Drone  
  39  6:07  Drone x2  
  39  6:12  Hydralisk  
  39  6:16  Hydralisk  
  43  6:28  Hydralisk x2  
  45  6:51  Overlord x2  
  45  6:52  Overlord  
  39  7:09  Queen  
  43  7:16  Hydralisk x5  
  39  7:30  Hydralisk x3  
  39  7:33  Overlord  
  39  7:34  Overlord  
  43  7:53  Overlord x2  
  43  8:02  Overlord  
  35  8:25  Hatchery  
  16  10:05  Drone x2  
  16  10:06  Drone  
  13  11:10  Extractor  
Tags
 
League
GoldGold
Matchup
PvZ
Replay Pack
Multiplayer
Spawn Locations
Cross Positions
Add a new tag
Caveats
  • Supply blocks, unpowered buildings, or Contaminate may cause inaccurate times.
  • Supply counts are checked every 10 seconds.